 Dungeon Crawl Stone Soup version 0.28.0 (webtiles) character file.

Game seed: 7755228074307948991

361 Dorkslayer the Ducker (level 6, -11/43 HPs)
             Began as an Octopode Fighter on May 31, 2022.
             Mangled by an ogre (29 damage)
             ... on level 3 of the Dungeon.
             The game lasted 00:05:40 (2862 turns).

Dorkslayer the Ducker (Octopode Fighter)            Turns: 2862, Time: 00:05:40

Health: -11/43     AC:  1    Str: 17    XL:     6   Next: 66%
Magic:  6/6        EV: 13    Int: 11    God:
Gold:   86         SH:  4    Dex: 11    Spells: 5/5 levels left

rFire   . . .      SeeInvis .   a - +0 long sword
rCold   . . .      Faith    .   b - +0 buckler
rNeg    . . .      Spirit   .   (helmet restricted)
rPois   .          Reflect  .   (no amulet)
rElec   .          Harm     .   (no ring)
rCorr   .          Rampage  .   (no ring)
Will    .....                   (no ring)
Stlth   +++.......              (no ring)
HPRegen 0.14/turn               (no ring)
MPRegen 0.10/turn               (no ring)
                                (no ring)
                                (no ring)

@: no status effects
A: almost no armour, amphibious, 8 rings, camouflage 1, gelatinous body 1,
(nimble swimmer 1), tentacles
a: no special abilities


You were on level 3 of the Dungeon.
You visited 1 branch of the dungeon, and saw 3 of its levels.

You collected 86 gold pieces.

Inventory:

Hand Weapons
 a - a +0 long sword (weapon)
Missiles
 j - 2 boomerangs (quivered)
Armour
 b - a +0 buckler (worn)
Scrolls
 e - a scroll of magic mapping {unknown}
 f - a scroll of identify
 g - a scroll of blinking
 k - a scroll of enchant armour {unknown}
 l - a scroll of silence
 m - a scroll of teleportation {unknown}
Potions
 c - a potion of might
 d - 2 potions of invisibility
 h - 2 potions of flight
 i - 2 potions of resistance {unknown}
 n - a potion of curing {unknown}


   Skills:
 + Level 3.7 Fighting
 + Level 3.8 Long Blades
 * Level 1.9 Throwing
 + Level 3.8 Dodging
 + Level 3.3 Stealth
 + Level 3.6 Shields
 * Level 1.9 Unarmed Combat


You had 5 spell levels left.
You didn't know any spells.
Your spell library contained the following spells:

 Spells                   Type           Power      Damage    Failure   Level
 Shock                    Conj/Air       0%         1d3       43%         1
 Freezing Cloud           Conj/Ice/Air   0%         6-21      100%        5
 Simulacrum               Ice/Necr       0%         N/A       100%        6
 Polar Vortex             Ice            0%         N/A       100%        9


Dungeon Overview and Level Annotations

Branches:
Dungeon (3/15)

Altars:
Ashenzari

Shops:
D:3 (


Innate Abilities, Weirdness & Mutations

You cannot wear most types of armour.
You are amphibious.
You can wear up to eight rings at the same time.
Your skin changes colour to match your surroundings (Stealth+).
Your rubbery body absorbs attacks. (AC +1, EV +1)
((You are camouflaged when in or above water. (Stealth+)))
You have tentacles for arms and can constrict up to eight enemies at once.


Message History

You see here a dart slug corpse.
e - a scroll labelled HETTEADWUBOG
Found a stone staircase leading up.
You open the door.
There is an open door here.
f - a scroll of identify You open the door.
There is an open door here.
There is an open door here.
You open the door.
There is an open door here.
There is an open door here.
You open the door.
There is an open door here.
Found a broken altar of Ashenzari.
You open the door.
Found a weird smoking staff and a cloak.
There is an open door here.
You now have 86 gold pieces (gained 11).
You open the door.
An ogre comes into view. It is wielding a +0 giant spiked club.
There is an open door here.
The ogre closely misses you.
You barely miss the ogre. You squeeze the ogre.
The ogre is lightly wounded.
The ogre hits you with a +0 giant spiked club!
You barely miss the ogre.
The ogre is lightly wounded.
The ogre closely misses you.
You hit the ogre.
The ogre is moderately wounded.
The ogre misses you.
You slash the ogre!
The ogre is heavily wounded.
The ogre hits you with a +0 giant spiked club!
You hit the ogre.
The ogre is severely wounded.
The ogre hits you with a +0 giant spiked club!!
Ouch! That really hurt!
You die...

# ..... ..# # .#.## #.#
# ....# #.# # ... #.# #
... #.# # #.# #.# # #O#
#.# # #@# ##.## # ##'##
##.#.### # ##[..##
#.###..# .. ##.....##
##.#.#.#
....#.......######.##.#
#.........##.......###
+.........'...........
#.........#..≈≈≈...###
##..|....##.≈≈≈≈≈..#


You could see an ogre.

Vanquished Creatures
  A water moccasin (D:3)
  A black bear (D:2)
  Natasha (thrice) (D:2)
  3 adders
  A worm (D:3)
  3 dart slugs
  4 bats
  6 endoplasms
  2 giant cockroaches
  4 goblins
  6 hobgoblins
  7 kobolds
  2 quokkas (D:2)
  4 ball pythons
  3 frilled lizards
  3 rats
53 creatures vanquished.

Notes
Turn   | Place    | Note
-------+----------+-------------------------------------------
     0 | D:1      | Dorkslayer the Octopode Fighter began the quest for the
                  | Orb.
     0 | D:1      | Reached XP level 1. HP: 16/16 MP: 1/1
    80 | D:1      | Reached XP level 2. HP: 17/21 MP: 2/2
   183 | D:1      | Found a faded altar of an unknown god.
   191 | D:1      | Got Plato's Grimoire of Air
   595 | D:1      | Reached XP level 3. HP: 26/26 MP: 3/3
   848 | D:2      | Noticed Natasha
   852 | D:2      | Reached skill level 1 in Stealth
   855 | D:2      | Killed Natasha
   856 | D:2      | Reached XP level 4. HP: 18/31 MP: 4/4
  1342 | D:2      | Noticed a black bear
  1350 | D:2      | Killed a black bear
  1351 | D:2      | Reached skill level 1 in Throwing
  1351 | D:2      | Reached skill level 1 in Unarmed Combat
  1351 | D:2      | Reached XP level 5. HP: 26/36 MP: 5/5
  1620 | D:2      | Noticed Natasha
  1623 | D:2      | Killed Natasha
  1858 | D:2      | Noticed Natasha
  1865 | D:2      | Killed Natasha
  1866 | D:2      | Reached XP level 6. HP: 27/42 MP: 6/6
  2007 | D:3      | Noticed a water moccasin
  2013 | D:3      | Killed a water moccasin
  2177 | D:3      | Found Viunit's Antique Weapon Emporium.
  2814 | D:3      | Found a broken altar of Ashenzari.
  2862 | D:3      | Mangled by an ogre

Illustrated notes

Levels and vault maps discovered:
D:1:      mrwooster_arrival_statue, layout_loops_ring,
          shapermc_ecumenical_altar_rom_forum, minmay_tromino_i2
D:2:      kennysheep_big_flooded_room, layout_basic, uniq_natasha
D:3:      layout_loops_corners, mainiacjoe_overflow_catwalk, serial_shops,
          nicolae_shop_hallway_stairs

Skill      XL: |  1  2  3  4  5 |
---------------+----------------+-----
Stealth        | 2 3 |  3.3
Long Blades    | 3 |  3.8
Throwing       | 1 |  1.9
Unarmed Combat | 1 |  1.9
Fighting       | |  3.7
Dodging        | |  3.8
Shields        | |  3.6

Action                   |  1- 3 |  4- 6 || total
-------------------------+-------+-------++-------
Melee: Long sword        |    45 |    53 ||    98
       Constrict         |     7 |    15 ||    22
       Tentacles         |     5 |    15 ||    20
       Punch             |     2 |       ||     2
Throw: Boomerang         |     3 |       ||     3
  Use: Scroll            |       |     5 ||     5
 Stab: Sleeping          |     2 |     7 ||     9
Armor: Skin              |     3 |     7 ||    10
Dodge: Dodged            |    24 |    36 ||    60
Block: Buckler           |     4 |     9 ||    13
